 Dungeon Crawl Stone Soup version 0.30-a0-4-ga7cffc901d (webtiles) character file.

Game seed: 11515956997466147287

11 ytrimaz the Insei (level 2, 21/21 HPs)
             Began as a Demonspawn Transmuter on Aug 22, 2022.
             Quit the game on level 1 of the Dungeon.
             The game lasted 00:00:25 (799 turns).

ytrimaz the Insei (Demonspawn Transmuter)            Turns: 799, Time: 00:00:26

Health: 21/21      AC:  2    Str: 10    XL:     2   Next: 13%
Magic:  5/5        EV: 12    Int: 14    God:
Gold:   31         SH:  4    Dex: 13    Spells: 4/5 levels left

rFire   . . .      SeeInvis .      - Unarmed
rCold   . . .      Faith    .    (no shield)
rNeg    . . .      Spirit   .    a - +0 robe
rPois   .          Reflect  .    (no helmet)
rElec   .          Harm     .    (no cloak)
rCorr   .          Rampage  .    (no gloves)
Will    .....                    (no boots)
Stlth   +.........               (no amulet)
HPRegen 0.07/turn                (no ring)
MPRegen 0.09/turn                (no ring)

@: no status effects
A: condensation shield
a: no special abilities


You were on level 1 of the Dungeon.
You visited 1 branch of the dungeon, and saw 1 of its levels.

You collected 31 gold pieces.

Inventory:

Armour
 a - a +0 robe (worn)
Scrolls
 f - a scroll of blinking {unknown}
Potions
 b - a potion of lignification
 c - 2 potions of heal wounds {unknown}
 d - a potion of brilliance {unknown}
 e - a potion of berserk rage {unknown}


   Skills:
 * Level 1.4 Fighting
 - Level 1.7 Dodging
 + Level 3.1 Unarmed Combat
 - Level 2.0 Spellcasting
 - Level 1.7 Transmutations


You had 4 spell levels left.
You knew the following spells:

 Your Spells              Type           Power      Damage    Failure   Level
a - Beastly Appendage     Tmut           12%        N/A       12%         1

Your spell library contained the following spells:

 Spells                   Type           Power      Damage    Failure   Level
 Wereblood                Tmut           6%         N/A       17%         2
 Static Discharge         Conj/Air       1%         3-4/arc   34%         2
 Spider Form              Tmut/Pois      3%         N/A       45%         3
 Ice Form                 Ice/Tmut       3%         N/A       86%         4
 Dispel Undead            Necr           1%         3d6       93%         4
 Sticky Flame             Conj/Fire      1%         2d3       93%         4


Dungeon Overview and Level Annotations

Branches:
Dungeon (1/15)

Altars:


Innate Abilities, Weirdness & Mutations

A meltable shield of frost defends you. (SH +4)


Message History

* * * LOW HITPOINT WARNING * * *
You hit the hobgoblin.
You kill the hobgoblin!
You have reached level 2!
Your demonic ancestry asserts itself...
Frost condenses into a shield before you.
Your horns disappear.
Your talons disappear.
Found a stone staircase leading down.
There is a stone staircase leading down here.
A bat comes into view.
A bat is nearby!
A bat is nearby!
You grow a pair of large bovine horns.
Your feet morph into talons.
Found 10 gold pieces.
A kobold comes into view. It is wielding a +0 dagger.
Your transformation is almost over.
The bat barely misses you. The bat hits you but does no damage.
You hit the bat.
You kill the bat!
The kobold shouts!
You see here a bat corpse.
You barely miss the kobold. You block the kobold's attack.
You hit the kobold.
You kill the kobold!
You see here a +0 dagger.
Your horns disappear.
Your talons disappear.
Found a hand axe.
You now have 31 gold pieces (gained 10).
You see here a staff of earth.
Found a stone staircase leading down.
Found a leather armour.
You pick up a book of Touch and begin reading...
You add the spells Static Discharge, Sticky Flame and Dispel Undead to your library.
You open the door.
A goblin comes into view. It is wielding a +0 dagger.
The goblin shouts!
A frilled lizard comes into view.
There are monsters nearby!
Are you sure you want to abandon this character and quit the game? (Confirm with "yes".)

#.#.#.#####.#######.##..♣......##
#.#.#.......#,,l..#.#..PP.....###
#.#.#########,*#g.#.#♣P_♣.....# #
#.#......#,,*,*#.##..÷P♣..♣...# #
#.#.####.#,,*,*#.##.#.♣PP.÷...# #
#.######.#,,*,*#.##.##........###
......##.#,,*,*#.##.##...........
†####....#,,*,*#.##.#########.###
'# ######*,*,*#@##.# #.# .♣♣♣♣♣
*,,,*#.##.#*******#.### .....♣
*****#.##.#*,,,,,,#.... .♣♣♣.♣♣
#.##.#*,****,##### .♣♣P.P♣♣
#####.##.##,*,,,,* .♣P....♣♣♣
#.........#,***,,* .♣♣.⌠....♣
#......####,,,*,,* .♣.....♣.♣
#.....(# *,*,**** ....P♣P♣.♣
#......####**,*


You could see a goblin and a frilled lizard (wandering).

Vanquished Creatures
  2 bats (D:1)
  A giant cockroach (D:1)
  3 hobgoblins (D:1)
  A ball python (D:1)
  A kobold (D:1)
  2 rats (D:1)
10 creatures vanquished.

Notes
Turn   | Place    | Note
-------+----------+-------------------------------------------
     0 | D:1      | ytrimaz the Demonspawn Transmuter began the quest for the
                  | Orb.
     0 | D:1      | Reached XP level 1. HP: 15/15 MP: 3/3
    95 | D:1      | Found a faded altar of an unknown god.
   175 | D:1      | Reached skill level 3 in Unarmed Combat
   479 | D:1      | Gained mutation: A meltable shield of frost defends you.
                  | (SH +4) [demonic ancestry]
   479 | D:1      | Reached XP level 2. HP: 5/21 MP: 3/5
   799 | D:1      | Quit the game

Illustrated notes

Levels and vault maps discovered:
D:1:      psy_arrival_fountain, layout_basic, ebering_ecumenical_altar_petrified

Skill      XL: |  1 |
---------------+----+-----
Unarmed Combat | 3 |  3.1
Fighting       | |  1.4
Dodging        | |  1.7
Spellcasting   | |  2.0
Transmutations | |  1.7

Action                   || total
-------------------------++-------
Melee: Unarmed           ||    25
       Kick              ||     3
       Headbutt          ||     2
 Cast: Beastly Appendage ||     7
  Use: Scroll            ||     1
Armor: Robe              ||     2
Dodge: Dodged            ||    19
Block: Other             ||     1

Table legend: (Time is in decaauts)
 A = Elapsed time spent in this place.
 B = Non-inter-level travel time spent in this place.
 C = Inter-level travel time spent in this place.
 D = Time resting spent in this place.
 E = Time spent auto-exploring this place.
 F = Levels seen in this place.
 G = Mean time per level.
                   A        B        C        D        E       F      G
               +--------+--------+--------+--------+--------+-----+--------+
         Total |    797 |    797 |      0 |      0 |    717 |   1 |  797.0 |
       Dungeon |    797 |    797 |      0 |      0 |    717 |   1 |  797.0 |
               +--------+--------+--------+--------+--------+-----+--------+

Top non-repeatable levels by time:
     D:1: 797 daAuts
